 Dungeon Crawl Stone Soup version 0.21.1-1-g345015f (webtiles) character file.

536 nightchill the Chopper (level 7, -3/56 HPs)
             Began as a Formicid Fighter on June 22, 2018.
             Slain by an ogre
             ... wielding a +0 giant club
              (15 damage)
             ... on level 4 of the Dungeon.
             The game lasted 00:10:57 (3941 turns).

nightchill the Chopper (Formicid Fighter)           Turns: 3941, Time: 00:10:58

Health: -3/56      AC: 12    Str: 22    XL:     7   Next: 50%
Magic:  7/7        EV:  5    Int:  8    God:
Gold:   197        SH: 10    Dex: 10    Spells: 6/6 levels left

rFire    . . .     SeeInvis +   a - +0 war axe
rCold    . . .     Gourm    .   c - +0 shield
rNeg     . . .     Faith    .   u - +0 plate armour
rPois    .         Spirit   .   (helmet unavailable)
rElec    .         Reflect  .   (no cloak)
rCorr    .         Harm     .   r - +0 pair of gloves
MR       .....                  (no boots)
Stlth    ..........             (no amulet)
HPRegen  0.18/turn              (no ring)
MPRegen  0.10/turn              (no ring)

@: no status effects
A: permanent stasis, dig shafts and tunnels, four strong arms, antennae 3
a: Dig, Shaft Self


You were on level 4 of the Dungeon.
You were not hungry.

You visited 1 branch of the dungeon, and saw 4 of its levels.

You collected 197 gold pieces.

Inventory:

Hand Weapons
 a - a +0 war axe (weapon)
 A - a +0 war axe
 C - a +2 hand axe of flaming
Armour
 b - a +0 scale mail
 c - a +0 shield (worn)
 r - a +0 pair of gloves (worn)
 u - a +0 plate armour (worn)
Jewellery
 n - a +2 ring of strength {unknown}
 t - an uncursed ring of poison resistance {unknown}
 v - an uncursed amulet of faith {unknown}
Scrolls
 e - 7 scrolls of identify {unknown}
 g - 3 scrolls of remove curse {unknown}
 i - a scroll of amnesia {unknown}
 j - a scroll of noise {unknown}
 o - a scroll of holy word {unknown}
 p - 5 scrolls of teleportation {unknown}
 w - a scroll of immolation {unknown}
 y - a scroll of random uselessness {unknown}
 B - a scroll of enchant armour {unknown}
Potions
 d - a potion of might
 h - 4 potions of heal wounds {unknown}
 k - 3 potions of curing {unknown}
 l - a potion of mutation {unknown}
 m - a potion of berserk rage {unknown}
 q - a potion of agility {unknown}
 s - a potion of invisibility {unknown}
 z - a potion of flight {unknown}
 D - a potion of lignification {unknown}
Books
 x - Jessica's Incunabulum of the Oath
   (You found it on level 3 of the Dungeon)

   Spells                             Type                      Level
   a - Confusing Touch                Hexes                        1
   b - Corona                         Hexes                        1
Comestibles
 f - 5 rations


   Skills:
 + Level 5.2 Fighting
 * Level 5.7 Axes
 - Level 3.2 Armour
 + Level 5.5 Shields


You had 6 spell levels left.
You didn't know any spells.

Dungeon Overview and Level Annotations

Branches:
Dungeon (4/15)
 Temple: D:4-7

Altars:

Annotations:
D:2 exclusion: 3 downstairs


Innate Abilities, Weirdness & Mutations

You cannot be hasted, slowed, berserked, paralysed or teleported.
You can dig through walls and to a lower floor.
Your four strong arms can wield two-handed weapons with a shield.
You have a pair of large antennae on your head. (SInv)


Message History

You kill the orc!
You see here a hand axe.
You now have 197 gold pieces (gained 13).
An ogre comes into view. It is wielding a giant club.
The ogre hits you with a giant club!
You barely miss the ogre. You block the ogre's attack.
Your shield and plate armour prevent you from hitting the ogre.
The ogre hits you with a giant club!
You closely miss the ogre. The ogre barely misses you.
You hit the ogre.
The ogre is lightly wounded.
You block the ogre's attack.
You slash the ogre!
The ogre is heavily wounded.
The ogre hits you with a giant club!!
* * * LOW HITPOINT WARNING * * *
You hit the ogre but do no damage.
The ogre is heavily wounded.
The ogre hits you with a giant club!
You die...

#####..........#
#..........#
#..........#
#..........#
#..........#
............#
#########+#.##
#.# #@# #O# #.#
#.# ... +##


You could see an ogre.

Vanquished Creatures
  The ghost of theblackcape the Chopper, an amateur GnWn (D:3)
  A crimson imp (D:3)
  4 orc wizards (D:3)
  An orc priest (D:3)
  Jessica (D:3)
  4 gnolls (D:2)
  6 adders
  An ooze (D:1)
  3 worms
  A dart slug (D:2)
  2 leopard geckos
  14 orcs
  8 bats
  3 giant cockroaches
  9 goblins
  16 hobgoblins
  7 jackals
  4 kobolds (D:1)
  3 quokkas
  3 frilled lizards
  8 rats
100 creatures vanquished.

Notes
Turn   | Place    | Note
-------+----------+-------------------------------------------
     0 | D:1      | nightchill the Formicid Fighter began the quest for the Orb.
     0 | D:1      | Reached XP level 1. HP: 18/18 MP: 1/1
   129 | D:1      | Reached XP level 2. HP: 4/24 MP: 2/2
   575 | D:1      | Reached XP level 3. HP: 30/30 MP: 3/3
  1581 | D:2      | Reached XP level 4. HP: 37/37 MP: 4/4
  2025 | D:2      | Reached XP level 5. HP: 18/42 MP: 5/5
  2515 | D:3      | Noticed theblackcape's ghost (amateur GnWn)
  2818 | D:3      | Killed theblackcape's ghost
  2818 | D:3      | Reached XP level 6. HP: 40/49 MP: 6/6
  2935 | D:3      | Reached skill level 5 in Axes
  2986 | D:3      | Reached skill level 5 in Shields
  3182 | D:3      | Reached XP level 7. HP: 52/55 MP: 7/7
  3257 | D:2      | Reached skill level 5 in Fighting
  3598 | D:3      | Noticed Jessica
  3610 | D:3      | Killed Jessica
  3612 | D:3      | Identified Jessica's Incunabulum of the Oath
  3941 | D:4      | Slain by an ogre

Skill      XL: |  1  2  3  4  5  6  7 |
---------------+----------------------+-----
Axes           | 3 4 5 |  5.7
Fighting       | 4 5 |  5.2
Shields        | 4 5 |  5.5
Armour         | |  3.2

Action                   |  1- 3 |  4- 6 |  7- 9 || total
-------------------------+-------+-------+-------++-------
Melee: War axe           |   138 |   211 |    83 ||   432
 Abil: Dig               |     1 |       |     1 ||     2
  Eat: Chunk             |     2 |     6 |     3 ||    11
Armor: Scale mail        |    76 |     9 |       ||    85
       Plate armour      |       |   126 |    64 ||   190
Dodge: Dodged            |    40 |    52 |    28 ||   120
Block: Shield            |    91 |   144 |    52 ||   287
